cohdb
Replays
Latest Replays
All Replays
Popular Replays
Top Player Replays
Match Explorer
How It Works
Community
CoH3 Stats
Reddit
Sign in to upload your games and track your stats! →
Sign in with Steam
Match 22742746
Unlisted
Match 22742746
Overview
Messages
Build Orders
End
Construct Barracks
Riflemen Squad
Riflemen Squad
Construct Weapon Support Center
Sniper
M1919 Machine Gun Team
Air Support Center
Bazooka Squad
Construct Tank Depot
Grasshopper Recon Run
P-47 Dive Bomb
Construct Motor Pool
Grasshopper Recon Run
M1919 Machine Gun Team
Selects Advanced Infantry Battlegroup
Selects Ammunition Storage
Selects M2A1 105mm Howitzer Emplacement
Engineer Squad
M18 Hellcat Tank Destroyer
Grasshopper Recon Run
P-47 Dive Bomb
Selects 155mm Rapid Artillery Barrage
Grasshopper Recon Run
155mm Rapid Artillery Barrage
P-47 Dive Bomb
Air Supply
Air Supremacy
155mm Rapid Artillery Barrage
Selects Convert to Ranger Squad
Selects Designate Assault Position
Selects Infantry Assault
Infantry Assault
Grasshopper Recon Run
P-47 Dive Bomb
M3 Armored Personnel Carrier
P-47 Dive Bomb
Double Sortie
Advanced Air Reconnaissance
Eber
DragonLTU
LuiSBa
pimmelfisch
Bartolomaeus Bart
Smoking Hans
0
0
Comments
sign in to comment!
No comments posted yet!